 Dungeon Crawl Stone Soup version 0.29-a0-219-g0a02b1cf4f (webtiles) character file.

Game seed: 7059659514502765960

31 Hubjo the Sneak (level 3, -1/26 HPs)
             Began as a Vampire Enchanter on Feb 26, 2022.
             Killed by nerve-wracking pain
             ... invoked by Grinder
              (10 damage)
             ... on level 3 of the Dungeon.
             The game lasted 00:02:12 (1043 turns).

Hubjo the Sneak (Vampire Enchanter)                 Turns: 1043, Time: 00:02:12

Health: -1/26      AC:  3    Str:  7    XL:     3   Next: 7%
Magic:  6/6        EV: 12    Int: 17    God:
Gold:   100        SH:  0    Dex: 16    Spells: 6/6 levels left

rFire   . . .      SeeInvis +   a - +1 dagger
rCold   + . .      Faith    .   (no shield)
rNeg    . . .      Spirit   .   b - +0 robe
rPois   .          Reflect  .   (no helmet)
rElec   .          Harm     .   (no cloak)
rCorr   .          Rampage  .   k - +0 pair of gloves
Will    .....                   (no boots)
Stlth   +++.......              (no amulet)
HPRegen 0.28/turn               j - ring of protection from cold
MPRegen 0.10/turn               (no ring)

@: healing quickly
A: alive, fangs 3, see invisible, vampiric 2
a: Exsanguinate


You were on level 3 of the Dungeon.
You visited 1 branch of the dungeon, and saw 3 of its levels.

You collected 100 gold pieces.

Inventory:

Hand Weapons
 a - a +1 dagger (weapon)
Armour
 b - a +0 robe (worn)
 k - a +0 pair of gloves (worn)
Jewellery
 j - a ring of protection from cold (left hand)
Wands
 m - a wand of acid (4)
Scrolls
 e - a scroll of teleportation
 i - a scroll of identify {unknown}
Potions
 c - a potion of invisibility
 d - a potion of brilliance {unknown}
 f - a potion of flight {unknown}
 g - a potion of heal wounds {unknown}
 h - a potion of haste {unknown}
 l - a potion of resistance {unknown}


   Skills:
 * Level 1.1 Fighting
 + Level 1.5 Short Blades
 + Level 2.5 Dodging
 * Level 5.1 Stealth
 - Level 2.0 Spellcasting
 + Level 4.6 Hexes


You had 6 spell levels left.
You didn't know any spells.
Your spell library contained the following spells:

 Spells                   Type           Power      Damage    Failure   Level
 Confusing Touch          Hex            17%        N/A       9%          3
 Tukima's Dance           Hex            17%        N/A       9%          3
 Ensorcelled Hibernation  Hex/Ice        18%        N/A       12%         2
 Dazzling Flash           Conj/Hex       18%        N/A       22%         3


Dungeon Overview and Level Annotations

Branches:
Dungeon (3/15)

Altars:

Annotations:
D:3 Grinder


Innate Abilities, Weirdness & Mutations

Your natural rate of healing is accelerated.
You have razor-sharp teeth.
You have supernaturally acute eyesight. (SInv)
You are afflicted with vampirism and can become a bat while bloodless.


Message History

The ball python bites you. The ball python grabs you.
The ball python constricts you.
You escape the ball python's grasp.
The ball python bites you but does no damage.
The ball python grabs you. The ball python constricts you.
The ball python's grasp on you weakens, but your attempt to escape fails.
The bat barely misses you.
The giant cockroach waves its antennae.
The ball python bites you. The ball python constricts you.
You escape the ball python's grasp.
The bat closely misses you. The ball python barely misses you. x2
The bat barely misses you. The giant cockroach bites you.
The bat closely misses you. The bat hits you but does no damage.
The ball python bites you but does no damage.
The ball python grabs you. The ball python constricts you.
You escape the ball python's grasp.
The bat hits you but does no damage. The bat hits you.
The giant cockroach completely misses you.
The bat closely misses you. The bat hits you. The giant cockroach bites you.
There is a stone staircase leading down here.
The giant cockroach waves its antennae.
The giant cockroach bites you.
* * * LOW HITPOINT WARNING * * *
The bat barely misses you.
You climb downwards.
There is a stone staircase leading up here.
You hit the giant cockroach.
You bite the giant cockroach, but do no damage.
The giant cockroach is heavily wounded.
Grinder shouts!
You hear a shout! x2
The giant cockroach misses you.
You hit the giant cockroach.
You kill the giant cockroach!
A gnoll comes into view. It is wielding a +0 halberd.
Grinder hits you but does no damage. Grinder gestures at you.
Pain shoots through your body!
You die...

.........
.........
#......#
#......#
##......###
..........
.######.......##
.......@....g...
.######.......#
#...5.....#
###.......#
#<#####.# ### #


You could see Grinder and a gnoll.

Vanquished Creatures
  2 dart slugs (D:1)
  An endoplasm (D:2)
  2 giant cockroaches
  A hobgoblin (D:1)
  4 jackals (D:2)
  4 kobolds
  2 quokkas
  2 ball pythons
  4 bats
  A frilled lizard (D:1)
  A rat (D:1)
24 creatures vanquished.

Notes
Turn   | Place    | Note
-------+----------+-------------------------------------------
     0 | D:1      | Hubjo the Vampire Enchanter began the quest for the Orb.
     0 | D:1      | Reached XP level 1. HP: 13/13 MP: 3/3
   265 | D:1      | Reached XP level 2. HP: 20/20 MP: 5/5
   839 | D:2      | Reached skill level 1 in Fighting
   860 | D:2      | Reached skill level 5 in Stealth
   873 | D:2      | Gained mutation: You are afflicted with vampirism and can
                  | become a bat while bloodless. [Vampire growth]
   873 | D:2      | Reached XP level 3. HP: 25/26 MP: 6/6
  1037 | D:3      | Noticed Grinder
  1043 | D:3      | Killed from afar by Grinder

Illustrated notes

Levels and vault maps discovered:
D:1:      minmay_arrival_split_and_join, layout_loops_ring
D:2:      layout_loops_ring, shapermc_ecumenical_altar_petra
D:3:      layout_basic, grunt_temple_overflow_open, uniq_grinder

Skill      XL: |  1  2 |
---------------+-------+-----
Fighting       | 1 |  1.1
Stealth        | 5 |  5.1
Short Blades   | |  1.5
Dodging        | |  2.5
Spellcasting   | |  2.0
Hexes          | |  4.6

Action                   || total
-------------------------++-------
Melee: Dagger            ||    85
       Bite              ||    10
  Use: Scroll            ||     2
 Stab: Sleeping          ||     7
       Distracted        ||     2
Armor: Robe              ||    43
Dodge: Dodged            ||   108

Table legend: (Time is in decaauts)
 A = Elapsed time spent in this place.
 B = Non-inter-level travel time spent in this place.
 C = Inter-level travel time spent in this place.
 D = Time resting spent in this place.
 E = Time spent auto-exploring this place.
 F = Levels seen in this place.
 G = Mean time per level.
                   A        B        C        D        E       F      G
               +--------+--------+--------+--------+--------+-----+--------+
         Total |   1036 |   1017 |     19 |     35 |    669 |   3 |  345.3 |
       Dungeon |   1036 |   1017 |     19 |     35 |    669 |   3 |  345.3 |
               +--------+--------+--------+--------+--------+-----+--------+

Top non-repeatable levels by time:
     D:1: 666 daAuts
     D:2: 365 daAuts
     D:3: 5 daAuts
